 Dungeon Crawl Stone Soup version 0.31.0-1-g2c135a008e (webtiles) character file.

Game seed: 9679729695499491851

315 qw the Shooter (level 6, -3/47 HPs)
             Began as a Djinni Hunter on Jan 23, 2024.
             Slain by a gnoll
             ... wielding a +0 whip
             ... led by a gnoll bouda
              (7 damage)
             ... on level 4 of the Dungeon.
             The game lasted 00:00:10 (2608 turns).

qw the Shooter (Djinni Hunter)                      Turns: 2608, Time: 00:00:10

Health: -3/47      AC:  5    Str: 10    XL:     6   Next: 72%
Gold:   187        EV: 11    Int: 10    God:
                   SH:  5    Dex: 19

rFire   + + .        a - +1 shortbow
rCold   x . .        (shield currently unavailable)
rNeg    . . .        g - +0 ring mail
rPois   inf          (no helmet)
rElec   .            (no cloak)
rCorr   .            (no gloves)
SInv    .            (boots unavailable)
Will    .....        l - amulet of reflection
Stlth   +            (no ring)
HPRegen 0.27/turn    (no ring)
MPRegen 0.00/turn

%: reflection, infuse magic (-4 HP)
@: about to teleport, flying
A: sickness immunity, fire resistance 2, cold vulnerability 1, float, innate
caster, HP casting, extra vitality 1
a: no special abilities


You were on level 4 of the Dungeon.
You visited 1 branch of the dungeon, and saw 4 of its levels.

You collected 187 gold pieces.


Innate Abilities, Weirdness & Mutations

You are immune to sickness and miasma.
You are immune to poison.
Your flesh is very heat resistant. (rF++)
You are vulnerable to cold. (rC-)
You float through the air rather than walking.
You learn spells naturally, not from books.
Your magical power is your life essence.
You have superior vitality. (+4 MHP)


   Skills:
 - Level 4.0 Fighting
 + Level 5.1 Ranged Weapons
 - Level 1.0 Armour
 - Level 3.0 Dodging
 - Level 0.7 Stealth


You knew the following spells:

 Your Spells              Type           Power      Damage    Failure   Level
a - Slow                  Hex            0%         N/A       67%         1
b - Mercury Vapours       Alch/Air       0%         N/A       82%         2
Your spell library was empty.

Inventory:

Hand Weapons
 a - a +1 shortbow (weapon)
Armour
 g - a +0 ring mail (worn)
Jewellery
 l - an amulet of reflection (around neck)
Wands
 k - a wand of flame (31)
Scrolls
 b - a scroll of teleportation
 e - a scroll of brand weapon {unknown}
Potions
 c - a potion of curing {unknown}
 d - a potion of magic {unknown}
 h - a potion of attraction {unknown}
 i - a potion of haste {unknown}
 j - a potion of degeneration {unknown}
 m - a potion of cancellation {unknown}

Dungeon Overview and Level Annotations

Branches:
Dungeon (4/15)
 Temple: D:4-7

Altars:
The Shining One

Shops:
D:3 (


Message History

You shoot an arrow. The arrow barely misses the gnoll.
You shoot an arrow. The arrow hits the gnoll.
The gnoll is almost dead.
The gnoll hits you from afar with a +0 spear!
You shoot an arrow. The arrow barely misses the gnoll.
You block the gnoll's attack. The gnoll hits you with a +0 club.
You shoot an arrow. The arrow hits the gnoll.
The gnoll is moderately wounded.
You block the gnoll's attack.
The gnoll bouda calls upon its god to heal the gnoll.
The gnoll's wounds heal themselves!
You shoot an arrow. The arrow hits the gnoll.
The gnoll is severely wounded.
You block the gnoll's attack.
You shoot an arrow. The arrow hits the gnoll!
You kill the gnoll!
The gnoll bouda barks out a call to the hunt!
The gnolls pick up the pace!
Your Fighting skill increases to level 4!
You shoot an arrow. The arrow hits the gnoll bouda.
The gnoll bouda is moderately wounded.
The gnoll hits you with a +0 flail. The gnoll bouda barely misses you.
You block the gnoll bouda's attack. The gnoll hits you with a +0 flail!
You shoot an arrow. The arrow hits the gnoll bouda!
The gnoll bouda is severely wounded.
The gnoll bouda hits you with a +0 whip.
The gnoll closely misses you.
You shoot an arrow.
The arrow hits the gnoll bouda but does no damage.
The gnoll bouda is severely wounded.
You block the gnoll's attack. The gnoll closely misses you.
You shoot an arrow. The arrow hits the gnoll bouda!
You kill the gnoll bouda!
The gnoll barely misses you. x2; The gnoll hits you with a +0 whip.
The gnoll hits you with a +0 flail.
2608 ||| READING 2 scrolls of teleportation.
As you read the scroll of teleportation, it crumbles to dust.
You feel strangely unstable. The gnoll hits you with a +0 whip!
You die...

# ..# ##### # #.. ....## #
##..##.....#.. # ............##.
# .## ..#.....#.#... #
....##......#.....# ###
.....gg#g.#......# #..
#.@.##.<>..# ##.# #.).......#
#... #.....#.########...
...##....#..<#......#...
........................
..........####...........
#####.......##............#.##
####.......##................#.#
#....##.......##.....#.......#.##


You could see 3 gnolls.

Vanquished Creatures
  A bullfrog (D:4)
  A bombardier beetle (D:3)
  A gnoll bouda (D:4)
  Natasha (thrice) (D:3)
  A gnoll (D:4)
  4 adders
  A dart slug (D:1)
  An orc (D:3)
  5 ball pythons
  7 bats
  9 endoplasms
  2 giant cockroaches
  5 hobgoblins
  3 jackals
  2 quokkas
  3 frilled lizards
  8 goblins
  6 kobolds
  4 rats
67 creatures vanquished.

Notes
Turn   | Place    | Note
-------+----------+-------------------------------------------
     0 | D:1      | qw the Djinni Hunter began the quest for the Orb.
     0 | D:1      | Reached XP level 1. HP: 18/18 MP: 0/0
     0 | D:1      | 0 ||| qw: Version: 0.3-a-134-g2ba4250
     0 | D:1      | 0 ||| qw: Game counter: 731
     0 | D:1      | 0 ||| qw: Melee chars always use a shield: true
     0 | D:1      | 0 ||| qw: God list: Okawaru
     0 | D:1      | 0 ||| qw: Allow faded altars: false
     0 | D:1      | 0 ||| qw: Do Orc after clearing Dungeon:15 true
     0 | D:1      | 0 ||| qw: Do second Lair branch before Depths: true
     0 | D:1      | 0 ||| qw: Lair rune preference: random
     0 | D:1      | 0 ||| qw: Goals: Normal
     0 | D:1      | 0 ||| PLANNING D:1-11
   101 | D:1      | Reached XP level 2. HP: 22/23 MP: 0/0
   488 | D:1      | Reached XP level 3. HP: 28/28 MP: 0/0
   488 | D:1      | Learned a level 1 spell: Slow
   538 | D:1      | 538 ||| UPGRADING to +0 ring mail.
   548 | D:1      | 548 ||| DROPPING +0 leather armour.
   549 | D:1      | 549 ||| DROPPING ring of wizardry.
   550 | D:1      | 550 ||| READING scroll labelled OBLIWK PYAME.
   551 | D:1      | 551 ||| READING scroll labelled VUVUFOT MOGOJAC.
   551 | D:1      | 551 ||| ENCHANTING +0 shortbow.
   552 | D:1      | 552 ||| DROPPING scroll of butterflies.
   592 | D:2      | Reached skill level 4 in Ranged Weapons
   917 | D:2      | Reached skill level 1 in Armour
  1121 | D:2      | Reached XP level 4. HP: 33/33 MP: 0/0
  1314 | D:2      | 1314 ||| READING 2 scrolls labelled SEVECZ EDDEUGA.
  1317 | D:2      | 1317 ||| READING scroll labelled QIQEALOTRU.
  1317 | D:2      | 1317 ||| ENCHANTING +1 shortbow.
  1318 | D:2      | 1318 ||| READING scroll labelled ROSALU ZYNE.
  1419 | D:2      | 1419 ||| DRINKING 2 sedimented purple potions.
  1457 | D:2      | 1457 ||| DROPPING potion of lignification.
  1495 | D:3      | 1495 ||| STAIRDANCE
  1507 | D:3      | 1507 ||| STAIRDANCE
  1511 | D:2      | Reached skill level 3 in Fighting
  1586 | D:3      | Noticed Natasha
  1594 | D:3      | Killed Natasha
  1595 | D:3      | Reached XP level 5. HP: 16/40 MP: 0/0
  1595 | D:3      | Learned a level 2 spell: Mercury Vapours
  1651 | D:3      | Noticed Natasha
  1652 | D:3      | 1652 ||| FLEEEEING.
  1653 | D:3      | 1653 ||| FLEEEEING.
  1654 | D:3      | 1654 ||| FLEEEEING.
  1655 | D:3      | 1655 ||| FLEEEEING.
  1656 | D:3      | 1656 ||| FLEEEEING.
  1663 | D:3      | Killed Natasha
  1763 | D:3      | Noticed Natasha
  1768 | D:3      | Killed Natasha
  1769 | D:3      | Reached skill level 5 in Ranged Weapons
  1843 | D:3      | Reached skill level 3 in Dodging
  1843 | D:3      | Reached XP level 6. HP: 46/46 MP: 0/0
  1843 | D:3      | 1843 ||| UPGRADING to amulet of the acrobat.
  1912 | D:3      | Found a glowing golden altar of the Shining One.
  2120 | D:3      | Identified the +3 spear "Joumam" {speed, ^Fragile rElec
                  | Str+3 Int+3}
  2129 | D:3      | Found Saluoh's Weapon Shop.
  2275 | D:3      | 2275 ||| UPGRADING to amulet of reflection.
  2285 | D:3      | 2285 ||| DROPPING amulet of the acrobat.
  2286 | D:3      | 2286 ||| READING scroll labelled ARYVORPHAMUTY.
  2287 | D:3      | 2287 ||| READING scroll labelled ATUTZARATS.
  2607 | D:4      | HP: 10/47 [gnoll/+0 whip[a gnoll bouda] (4)]
  2607 | D:4      | HP: 4/47 [gnoll/+0 flail[a gnoll bouda] (6)]
  2608 | D:4      | 2608 ||| READING 2 scrolls of teleportation.
  2608 | D:4      | Slain by a gnoll

Levels and vault maps discovered:
D:1:      minmay_arrival_widening_spiral_wide, layout_basic
D:2:      cheibrodos_greedy_goblins, layout_loops_ring
D:3:      layout_loops_ring, tso_metal_star, serial_shops, shop, uniq_natasha
D:4:      layout_rooms, mainiacjoe_overflow_chevrons, kiku_gazebo_pond_becter,
          mainiacjoe_overflow_surrounded_room, mainiacjoe_overflow_alcove_2,
          minmay_temple_entry_nine_rooms, mrwooster_statue_mirror

Skill      XL: |  1  2  3  4  5  6 |
---------------+-------------------+-----
Ranged Weapons | 4 5 |  5.1
Armour         | 1 |  1.0
Fighting       | 3 4 |  4.0
Dodging        | 3 |  3.0
Stealth        | |  0.7

Action                     |  1- 3 |  4- 6 || total
---------------------------+-------+-------++-------
   Fire: Shortbow          |    79 |   113 ||   192
    Use: Scroll            |     2 |     6 ||     8
         Potion            |       |     1 ||     1
 Armour: Leather armour    |     2 |       ||     2
         Ring mail         |    16 |    50 ||    66
  Dodge: Dodged            |    20 |    45 ||    65
  Block: Other             |       |     9 ||     9

Table legend:
 A = Non-vault XP
 B = Vault XP
 C = Vault XP percentage of total XP
 D = Non-vault monster count
 E = Vault monster count
 F = Vault count percentage of total count
                 A         B        C        D         E       F
            +---------+---------+-------+---------+---------+-------
      Total |     407 |      44 |   9.8 |      61 |       6 |   9.0
            +---------+---------+-------+---------+---------+-------
        D:1 |      29 |       0 |   0.0 |      17 |       0 |   0.0
        D:2 |      66 |       9 |  12.0 |      19 |       5 |  20.8
        D:3 |     159 |      35 |  18.0 |      21 |       1 |   4.5
        D:4 |     153 |       0 |   0.0 |       4 |       0 |   0.0
            +---------+---------+-------+---------+---------+-------
